 Dungeon Crawl Stone Soup version 0.20.1-1-g8b1a95d (webtiles) character file.

466 Glalom the Chopper (level 6, -8/58 HPs)
             Began as a Deep Dwarf Fighter on Oct 31, 2017.
             Killed by divine providence
             ... invoked by an orc priest
              (13 damage)
             ... on level 4 of the Dungeon.
             The game lasted 00:05:09 (2732 turns).

Glalom the Chopper (Deep Dwarf Fighter)             Turns: 2732, Time: 00:05:09

Health: -8/58      AC:  6    Str: 19    XL:     6   Next: 81%
Magic:  13/13      EV:  9    Int:  9    God:
Gold:   90         SH:  0    Dex: 14    Spells: 5/5 levels left

rFire    . . .     SeeInvis .   a - +0 war axe
rCold    + . .     Gourm    .   (no shield)
rNeg     . . .     Faith    .   b - +0 scale mail
rPois    .         Spirit   .   (no helmet)
rElec    .         Reflect  .   (no cloak)
rCorr    .         Harm     .   (no gloves)
MR       .....                  (no boots)
Stlth    ..........             (no amulet)
Regen    0.0/turn               o - ring of magical power
MPRegen  0.2/turn               s - ring of protection from cold

@: lethally poisoned (-8 -> -8), non-regenerating
A: damage resistance, heal wounds, sense surroundings 1, no regeneration
a: Heal Wounds


You were on level 4 of the Dungeon.
You were not hungry.

You visited 1 branch of the dungeon, and saw 4 of its levels.

You collected 90 gold pieces.

Inventory:

Hand Weapons
 a - a +0 war axe (weapon)
Missiles
 x - 2 javelins (quivered)
Armour
 b - a +0 scale mail (worn)
 c - a +0 shield
Jewellery
 o - a ring of magical power (left hand)
 s - a ring of protection from cold (right hand)
 t - a cursed -2 ring of protection {unknown}
Scrolls
 i - a scroll of magic mapping {unknown}
 k - 3 scrolls of remove curse
 m - 2 scrolls of fog {unknown}
 n - a scroll of enchant armour {unknown}
 p - a scroll of noise {unknown}
 q - 2 scrolls of identify {unknown}
 u - a scroll of random uselessness {unknown}
 v - 3 scrolls of teleportation {unknown}
Potions
 d - a potion of might
 e - a potion of flight {unknown}
 g - a potion of degeneration {unknown}
 h - a potion of curing {unknown}
 j - a potion of lignification {unknown}
 w - a potion of agility {unknown}
Comestibles
 f - 3 bread rations
 l - a meat ration
 r - 16 chunks of flesh


   Skills:
 + Level 4.4 Fighting
 * Level 6.8 Axes
 - Level 3.2 Armour
 - Level 3.2 Shields


You had 5 spell levels left.
You didn't know any spells.

Dungeon Overview and Level Annotations

Branches:
Dungeon (4/15)
 Temple: D:4-7

Altars:
The Shining One


Innate Abilities, Weirdness & Mutations

You are resistant to damage.
You can heal yourself by infusing magical energy.
You passively map a small area around you.
You do not regenerate.


Message History

A worker ant comes into view.
The worker ant twitches its antennae in your direction.
Found a meat ration.
You slash the bullfrog skeleton!
The bullfrog skeleton is heavily damaged.
The bullfrog skeleton hits you.
The orc priest casts a cantrip, but nothing happens.
The orc barely misses you.
You slash the bullfrog skeleton!
The bullfrog skeleton is almost destroyed.
You barely miss the orc.
The orc priest mumbles some strange prayers to Beogh against you.
Beogh smites you!
* * * LOW HITPOINT WARNING * * *
The bullfrog skeleton hits you.
* * * LOW HITPOINT WARNING * * *
The orc hits you.
The orc priest mumbles some strange prayers to Beogh against you.
Beogh smites you!
You die...

##.....#.....##.##.##.......
##...##...#..).......###...
###......#..##.#.#### ##.. *
*##.........#.#.# #...
......##...#.(....# #... ,
.....(###..##.#...., * ,
,.......# ##.##..#..., ,
,.......# #...#....(., ,
........ #@#.#....... ,* *
.......#*,#Zo...... , *
........% , , , ,*
#.o..a.... * * *#.o....... ,
.......... ..........
##......... , * * *,


You could see a worker ant, 2 orc priests, an orc and a bullfrog skeleton.

Vanquished Creatures
  The ghost of keltmir the Changer, an amateur DrTm (D:3)
  An ogre (D:4)
  An orc priest (D:4)
  2 orc wizards (D:4)
  2 worker ants (D:4)
  6 adders
  An ooze (D:1)
  A worm (D:3)
  2 dart slugs
  2 leopard geckos (D:3)
  An orc (D:3)
  A ball python (D:1)
  4 bats
  5 giant cockroaches
  7 goblins
  8 hobgoblins
  4 jackals (D:3)
  A quokka (D:2)
  2 frilled lizards (D:1)
  6 kobolds
  9 rats
67 creatures vanquished.

Notes
Turn   | Place    | Note
-------+----------+-------------------------------------------
     0 | D:1      | Glalom the Deep Dwarf Fighter began the quest for the Orb.
     0 | D:1      | Reached XP level 1. HP: 20/20 MP: 1/1
   249 | D:1      | Reached XP level 2. HP: 21/27 MP: 2/2
   288 | D:1      | Reached skill level 3 in Axes
   620 | D:2      | Reached XP level 3. HP: 23/34 MP: 3/3
  1217 | D:2      | Reached skill level 4 in Axes
  1670 | D:3      | Noticed keltmir's ghost (amateur DrTm)
  1688 | D:3      | Killed keltmir's ghost
  1688 | D:3      | Reached skill level 5 in Axes
  1688 | D:3      | Reached XP level 4. HP: 16/44 MP: 4/4
  1688 | D:3      | Reached XP level 5. HP: 18/50 MP: 5/5
  2279 | D:3      | Found a glowing golden altar of the Shining One.
  2608 | D:4      | Reached skill level 6 in Axes
  2608 | D:4      | Reached XP level 6. HP: 18/57 MP: 5/5
  2614 | D:4      | HP: 2/57 [orc priest/divine providence (16)]
  2732 | D:4      | Killed from afar by an orc priest

Skill      XL: |  1  2  3  4  5 |
---------------+----------------+-----
Axes           | 3 5 6 |  6.8
Fighting       | 3 4 |  4.4
Armour         | |  3.2
Shields        | |  3.2

Action                   |  1- 3 |  4- 6 || total
-------------------------+-------+-------++-------
Melee: War axe           |    99 |   100 ||   199
 Abil: Heal Wounds       |     1 |     3 ||     4
  Use: Scroll            |     1 |       ||     1
  Eat: Chunk             |     2 |     4 ||     6
Armor: Scale mail        |    59 |    56 ||   115
Dodge: Dodged            |    53 |    52 ||   105
